[ AOE2 MATCH · #507761769 ]
UnrankedBritons vs Vikings
Player's team · LOSS
Rival team · WIN
[ REPLAY ANALYSIS · EXTRACTED FROM THE RECORDED GAME ]
Feudal
9:46
Castle
24:54
Imperial
38:45
| APM avg | 43.5 |
| APM peak | 90 |
| eAPM avg | 20.9 |
| Villagers / military | 90 / 98 |
Focus
⚔️ 28.8% · 🌾 71.2%
Archer ×53 · Scout Cavalry ×32 · Mangonel ×4 · Scorpion ×3 · Trebuchet (Packed) ×3 · Monk ×2
Feudal
10:11
Castle
24:02
Imperial
39:09
| APM avg | 45.5 |
| APM peak | 107 |
| eAPM avg | 29.5 |
| Villagers / military | 142 / 165 |
Focus
⚔️ 38.4% · 🌾 61.6%
Berserk ×57 · Skirmisher ×47 · Spearman ×25 · Battering Ram ×10 · Knight ×9 · Militia ×6
Match map
Initial resources + every placement click. Lines = walls · curves = elevation contours. ◆ gold · ⬟ stone · ● berries · ✦ relic · ◌ wall gap
Your base· Open — 1t gap
HellionBlue's base· Open — unwalled flank
Smoothed initial terrain · ◌ = detected wall gap · hover for details
Inputs per minute
— MrSaten - - HellionBlue
Build order — MrSaten
First 150 of 333 actions detected
| 0:02 | Build | House |
| 0:03 | Build | House |
| 0:08 | Queue | Villager (Male) |
| 0:08 | Queue | Villager (Male) |
| 0:08 | Queue | Villager (Male) |
| 0:09 | Queue | Villager (Male) |
| 0:09 | Queue | Villager (Male) |
| 1:56 | Queue | Villager (Male) |
| 1:56 | Queue | Villager (Male) |
| 1:56 | Queue | Villager (Male) |
| 1:58 | Build | Lumber Camp |
| 2:31 | Queue | Villager (Male) |
| 2:47 | Queue | Villager (Male) |
| 3:40 | Build | Mill |
| 3:41 | Queue | Villager (Male) |
| 3:41 | Queue | Villager (Male) |
| 4:02 | Queue | Villager (Male) |
| 4:27 | Build | House |
| 4:51 | Queue | Villager (Male) |
| 4:59 | Queue | Villager (Male) |
| 5:29 | Build | Palisade Wall |
| 5:48 | Queue | Villager (Male) |
| 6:21 | Queue | Villager (Male) |
| 6:42 | Queue | Villager (Male) |
| 6:50 | Research | Loom |
| 7:12 | Queue | Villager (Male) |
| 7:15 | Build | Mining Camp |
| 7:20 | Research | Feudal Age |
| 7:21 | Queue | Villager (Male) |
| 8:23 | Build | House |
| 8:57 | Queue | Villager (Male) |
| 9:00 | Build | Barracks |
| 9:46 | Age | Feudal Age |
| 9:52 | Build | Archery Range |
| 10:09 | Build | Farm |
| 10:13 | Build | Farm |
| 10:16 | Build | Palisade Wall |
| 10:26 | Build | Palisade Wall |
| 10:55 | Queue | Villager (Male) |
| 10:57 | Queue | Archer |
| 10:57 | Queue | Archer |
| 11:00 | Build | Archery Range |
| 11:05 | Queue | Villager (Male) |
| 11:22 | Build | House |
| 11:43 | Queue | Archer |
| 11:54 | Build | Farm |
| 12:02 | Build | House |
| 12:05 | Queue | Archer |
| 12:20 | Build | Farm |
| 12:22 | Build | Farm |
| 12:23 | Queue | Villager (Male) |
| 12:40 | Queue | Archer |
| 12:40 | Queue | Archer |
| 13:03 | Build | House |
| 13:14 | Queue | Archer |
| 13:14 | Queue | Archer |
| 13:28 | Queue | Villager (Male) |
| 13:30 | Build | Farm |
| 13:44 | Build | House |
| 13:57 | Queue | Villager (Male) |
| 14:01 | Build | Farm |
| 14:07 | Queue | Villager (Male) |
| 14:58 | Queue | Villager (Male) |
| 15:03 | Build | House |
| 15:08 | Build | Market |
| 15:12 | Build | Palisade Wall |
| 15:15 | Build | House |
| 15:16 | Queue | Villager (Male) |
| 15:48 | Queue | Villager (Male) |
| 15:56 | Build | Stable |
| 16:09 | Build | Blacksmith |
| 16:13 | Queue | Villager (Male) |
| 16:32 | Queue | Archer |
| 16:32 | Queue | Archer |
| 16:34 | Queue | Archer |
| 16:34 | Queue | Archer |
| 16:39 | Build | House |
| 16:43 | Queue | Villager (Male) |
| 16:43 | Queue | Villager (Male) |
| 16:48 | Build | House |
| 16:55 | Queue | Scout Cavalry |
| 16:55 | Queue | Scout Cavalry |
| 17:04 | Build | House |
| 17:05 | Build | Palisade Wall |
| 17:14 | Build | Farm |
| 17:16 | Build | Farm |
| 17:18 | Build | Farm |
| 17:22 | Build | Farm |
| 17:25 | Build | Farm |
| 17:26 | Queue | Villager (Male) |
| 17:33 | Queue | Scout Cavalry |
| 17:49 | Queue | Archer |
| 17:49 | Queue | Archer |
| 17:55 | Build | Palisade Wall |
| 18:14 | Queue | Villager (Male) |
| 18:14 | Queue | Villager (Male) |
| 18:20 | Build | House |
| 18:22 | Build | Palisade Wall |
| 18:25 | Research | Double-Bit Axe |
| 18:26 | Research | Double-Bit Axe |
| 18:26 | Research | Horse Collar |
| 18:26 | Research | Horse Collar |
| 18:57 | Queue | Archer |
| 18:58 | Queue | Archer |
| 19:08 | Queue | Villager (Male) |
| 19:08 | Queue | Villager (Male) |
| 19:11 | Build | Farm |
| 19:21 | Research | Gold Mining |
| 20:15 | Queue | Villager (Male) |
| 20:15 | Queue | Villager (Male) |
| 20:19 | Build | Farm |
| 20:21 | Build | Farm |
| 20:57 | Queue | Villager (Male) |
| 20:58 | Queue | Villager (Male) |
| 21:22 | Queue | Villager (Male) |
| 21:23 | Queue | Villager (Male) |
| 21:34 | Build | Farm |
| 21:36 | Build | Farm |
| 21:39 | Build | Farm |
| 21:44 | Build | Farm |
| 22:03 | Build | Farm |
| 22:14 | Research | Castle Age |
| 22:14 | Research | Castle Age |
| 22:30 | Queue | Archer |
| 22:30 | Queue | Archer |
| 22:45 | Queue | Villager (Male) |
| 23:03 | Build | Lumber Camp |
| 23:06 | Queue | Archer |
| 23:06 | Queue | Archer |
| 23:15 | Research | Fletching |
| 23:15 | Research | Fletching |
| 23:48 | Build | House |
| 23:52 | Build | House |
| 24:08 | Queue | Archer |
| 24:08 | Queue | Archer |
| 24:13 | Queue | Archer |
| 24:14 | Queue | Archer |
| 24:37 | Queue | Scout Cavalry |
| 24:54 | Age | Castle Age |
| 24:54 | Research | Crossbowman (upgrade) |
| 24:54 | Research | Crossbowman (upgrade) |
| 25:06 | Build | Farm |
| 25:09 | Queue | Archer |
| 25:10 | Queue | Archer |
| 25:23 | Build | Watch Tower |
| 25:55 | Build | Siege Workshop |
| 26:04 | Queue | Archer |
| 26:04 | Queue | Archer |
| 26:32 | Queue | Villager (Male) |
| 26:32 | Queue | Villager (Male) |
Build order — HellionBlue
First 150 of 400 actions detected
| 0:01 | Queue | Villager (Male) |
| 0:01 | Queue | Villager (Male) |
| 0:02 | Build | House |
| 0:03 | Build | House |
| 0:04 | Queue | Villager (Male) |
| 0:04 | Queue | Villager (Male) |
| 0:05 | Queue | Villager (Male) |
| 1:27 | Queue | Villager (Male) |
| 1:27 | Queue | Villager (Male) |
| 1:57 | Queue | Villager (Male) |
| 1:57 | Queue | Villager (Male) |
| 2:24 | Queue | Villager (Male) |
| 2:25 | Queue | Villager (Male) |
| 2:37 | Build | Lumber Camp |
| 2:43 | Queue | Villager (Male) |
| 2:43 | Queue | Villager (Male) |
| 2:54 | Queue | Villager (Male) |
| 2:55 | Queue | Villager (Male) |
| 3:03 | Build | House |
| 3:50 | Queue | Villager (Male) |
| 3:50 | Queue | Villager (Male) |
| 3:51 | Queue | Villager (Male) |
| 3:51 | Queue | Villager (Male) |
| 3:51 | Queue | Villager (Male) |
| 4:45 | Queue | Villager (Male) |
| 4:46 | Queue | Villager (Male) |
| 4:46 | Queue | Villager (Male) |
| 5:30 | Build | House |
| 6:23 | Build | Barracks |
| 6:37 | Queue | Villager (Male) |
| 6:39 | Research | Loom |
| 6:42 | Queue | Villager (Male) |
| 7:17 | Build | Mill |
| 7:20 | Queue | Militia |
| 7:21 | Queue | Militia |
| 7:57 | Build | House |
| 8:01 | Research | Feudal Age |
| 8:01 | Research | Feudal Age |
| 9:03 | Build | House |
| 9:18 | Build | House |
| 9:20 | Build | Palisade Wall |
| 9:46 | Build | Mining Camp |
| 10:04 | Queue | Villager (Male) |
| 10:07 | Queue | Villager (Male) |
| 10:11 | Age | Feudal Age |
| 10:36 | Queue | Spearman |
| 10:45 | Queue | Villager (Male) |
| 10:46 | Queue | Villager (Male) |
| 10:48 | Build | Farm |
| 10:49 | Build | Farm |
| 11:02 | Queue | Villager (Male) |
| 11:12 | Queue | Spearman |
| 11:12 | Queue | Militia |
| 11:16 | Queue | Spearman |
| 11:18 | Queue | Spearman |
| 11:24 | Queue | Villager (Male) |
| 11:30 | Build | House |
| 11:38 | Build | Palisade Wall |
| 11:45 | Build | Farm |
| 11:45 | Build | Farm |
| 11:47 | Queue | Villager (Male) |
| 11:50 | Research | Double-Bit Axe |
| 12:01 | Build | House |
| 12:03 | Build | Palisade Wall |
| 12:07 | Build | Palisade Wall |
| 12:17 | Queue | Spearman |
| 12:45 | Queue | Spearman |
| 13:04 | Queue | Villager (Male) |
| 13:07 | Build | Farm |
| 13:24 | Build | Archery Range |
| 13:44 | Queue | Villager (Male) |
| 13:44 | Queue | Villager (Male) |
| 13:45 | Queue | Villager (Male) |
| 13:59 | Queue | Skirmisher |
| 14:05 | Build | Blacksmith |
| 14:19 | Queue | Skirmisher |
| 14:32 | Queue | Villager (Male) |
| 14:33 | Queue | Villager (Male) |
| 14:39 | Queue | Skirmisher |
| 14:40 | Queue | Skirmisher |
| 14:40 | Queue | Skirmisher |
| 14:40 | Queue | Skirmisher |
| 15:00 | Queue | Archer |
| 15:11 | Queue | Villager (Male) |
| 15:17 | Research | Arson |
| 15:17 | Research | Arson |
| 15:39 | Queue | Skirmisher |
| 15:39 | Queue | Skirmisher |
| 16:06 | Queue | Villager (Male) |
| 16:09 | Queue | Skirmisher |
| 16:19 | Build | Mining Camp |
| 16:22 | Queue | Villager (Male) |
| 16:24 | Build | Farm |
| 16:28 | Build | Farm |
| 16:33 | Queue | Villager (Male) |
| 16:46 | Queue | Villager (Male) |
| 16:56 | Build | House |
| 17:00 | Queue | Villager (Male) |
| 17:14 | Build | Farm |
| 17:21 | Build | Palisade Gate |
| 17:33 | Queue | Villager (Male) |
| 17:37 | Queue | Villager (Male) |
| 17:42 | Build | Farm |
| 17:42 | Build | Farm |
| 17:42 | Build | Farm |
| 17:43 | Build | Farm |
| 17:43 | Build | Farm |
| 17:43 | Build | Farm |
| 17:44 | Build | Farm |
| 17:58 | Build | Farm |
| 18:09 | Build | House |
| 18:35 | Build | House |
| 18:40 | Build | House |
| 18:44 | Build | Palisade Wall |
| 19:04 | Queue | Villager (Male) |
| 19:13 | Build | Farm |
| 19:13 | Build | Farm |
| 19:23 | Queue | Skirmisher |
| 19:27 | Build | Palisade Wall |
| 19:30 | Build | Palisade Wall |
| 19:54 | Build | Lumber Camp |
| 20:04 | Queue | Skirmisher |
| 20:04 | Queue | Skirmisher |
| 20:18 | Queue | Skirmisher |
| 20:18 | Queue | Skirmisher |
| 20:31 | Queue | Spearman |
| 21:11 | Build | Farm |
| 21:12 | Build | Farm |
| 21:22 | Research | Castle Age |
| 21:22 | Research | Castle Age |
| 21:26 | Build | Farm |
| 21:26 | Build | Farm |
| 21:42 | Build | Palisade Gate |
| 21:44 | Build | Palisade Wall |
| 22:06 | Build | Stable |
| 22:09 | Build | House |
| 22:14 | Research | Horse Collar |
| 22:14 | Research | Horse Collar |
| 22:18 | Research | Town Watch |
| 22:18 | Queue | Villager (Male) |
| 22:31 | Research | Man-at-Arms (upgrade) |
| 22:50 | Build | Barracks |
| 22:59 | Queue | Militia |
| 22:59 | Queue | Spearman |
| 23:00 | Queue | Spearman |
| 23:01 | Queue | Spearman |
| 23:49 | Queue | Villager (Male) |
| 23:52 | Build | Lumber Camp |
| 23:55 | Queue | Villager (Male) |
| 24:00 | Build | Farm |
Match timeline
| 5:29 | MrSaten · wall_segment Palisade Wall x1 |
| 6:23 | HellionBlue · first_building Barracks |
| 9:00 | MrSaten · first_building Barracks |
| 9:20 | HellionBlue · wall_segment Palisade Wall x6 |
| 9:46 | MrSaten · age_up feudal |
| 9:52 | MrSaten · first_building Archery Range |
| 10:11 | HellionBlue · age_up feudal |
| 10:16 | MrSaten · wall_segment Palisade Wall x1 |
| 10:26 | MrSaten · wall_segment Palisade Wall x1 |
| 11:38 | HellionBlue · wall_segment Palisade Wall x1 |
| 12:03 | HellionBlue · wall_segment Palisade Wall x9 |
| 12:07 | HellionBlue · wall_segment Palisade Wall x6 |
| 13:24 | HellionBlue · first_building Archery Range |
| 15:12 | MrSaten · wall_segment Palisade Wall x1 |
| 15:56 | MrSaten · first_building Stable |
| 17:05 | MrSaten · wall_segment Palisade Wall x1 |
| 17:55 | MrSaten · wall_segment Palisade Wall x7 |
| 18:22 | MrSaten · wall_segment Palisade Wall x1 |
| 18:44 | HellionBlue · wall_segment Palisade Wall x15 |
| 19:27 | HellionBlue · wall_segment Palisade Wall x1 |
| 19:30 | HellionBlue · wall_segment Palisade Wall x1 |
| 21:44 | HellionBlue · wall_segment Palisade Wall x7 |
| 21:46 | MrSaten · first_market_sell 100 wood |
| 21:47 | MrSaten · first_market_buy 100 food |
| 22:06 | HellionBlue · first_building Stable |
| 24:02 | HellionBlue · age_up castle |
| 24:54 | MrSaten · age_up castle |
| 24:55 | HellionBlue · first_building Castle |
| 25:55 | MrSaten · first_building Siege Workshop |
| 26:17 | HellionBlue · first_building Siege Workshop |
| 31:23 | HellionBlue · first_building Monastery |
| 31:27 | MrSaten · wall_segment Palisade Wall x1 |
| 33:34 | MrSaten · first_building Monastery |
| 35:55 | HellionBlue · first_market_sell 500 wood |
| 38:45 | MrSaten · age_up imperial |
| 38:57 | MrSaten · first_building Castle |
| 39:09 | HellionBlue · age_up imperial |
| 39:57 | HellionBlue · first_market_buy 100 wood |
| 49:09 | MrSaten · resign |
[ AI ANALYSIS · 1 CREDIT ]
What really happened in this match?
Wolo.gg analyzes every decision: build order, eco, micro, common mistakes by bracket. Personalized analysis on WhatsApp or Discord in 30 seconds.
Civ guide
Britons
Perfil
Jugador #289258